[Event "Titled Tuesday Blitz August 15 Late 2023"]
[White "Saucey, Michel"]
[Black "Rangel, Daniel"]
[WhiteFideId "601845"]
[BlackFideId "2124475"]
[WhiteElo "2266"]
[BlackElo "2413"]
[Result "1-0"]
[Round "7"]
[TimeControl "180+1"]
[Date "2023.08.15"]
[WhiteClock "0:00:46"]
[BlackClock "0:00:00"]
[Board "116"]

1. d4 Nf6 2. Nf3 g6 3. c4 Bg7 4. g3 O-O 5. Bg2 c5 6. d5 d6 7. Nc3 e6 8. O-O exd5 9. cxd5 Bf5 10. Nd2 Qc8 11. Nc4 Rd8 12. Bf4 Ne8 13. e4 Bh3 14. Re1 Bxg2 15. Kxg2 Bxc3 16. bxc3 b5 17. Ne3 Nd7 18. Ng4 h5 19. Nh6+ Kg7 20. Nf5+ gxf5 21. Qxh5 Ndf6 22. Bh6+ Kh7 23. Qh4 Kg6 24. Qg5+ Kh7 25. exf5 Qb7 26. Bf8 Qxd5+ 27. f3 Qc4 28. Re7 a5 29. Rae1 Ra6 30. Rxe8 1-0


[Site "https://www.chess.com"]

[Event "Titled Tuesday Blitz August 15 Late 2023"]
[White "De Souza, Cristiano Gomes"]
[Black "The_Straightforward_Rook"]
[WhiteFideId "2151758"]
[WhiteElo "2258"]
[BlackElo "2413"]
[Result "0-1"]
[Round "7"]
[TimeControl "180+1"]
[Date "2023.08.15"]
[WhiteClock "0:01:09"]
[BlackClock "0:01:37"]
[Board "117"]

1. d4 Nf6 2. c4 e6 3. Nf3 Bb4+ 4. Bd2 a5 5. g3 O-O 6. Bg2 d5 7. a3 Be7 8. cxd5 exd5 9. O-O b6 10. Nc3 Ba6 11. Ne5 c6 12. Rc1 Ra7 13. Re1 Re8 14. e4 dxe4 15. Nxe4 Nxe4 16. Rxe4 c5 17. dxc5 Bxc5 18. Bc3 Qxd1+ 19. Rxd1 f6 20. Ng4 Rxe4 21. Bxe4 Rd7 22. Re1 h5 23. Bg6 hxg4 24. Re8+ Bf8 25. Rxb8 Rd1+ 26. Kg2 Bf1+ 0-1


[Site "https://www.chess.com"]

[Event "Titled Tuesday Blitz August 15 Late 2023"]
[White "Osmonbekov, Talaibek"]
[Black "Arnold, Ken"]
[WhiteFideId "2017253"]
[BlackFideId "2056836"]
[WhiteElo "2216"]
[BlackElo "2398"]
[Result "0-1"]
[Round "7"]
[TimeControl "180+1"]
[Date "2023.08.15"]
[WhiteClock "0:00:00"]
[BlackClock "0:00:56"]
[Board "119"]

1. d4 d5 2. Nc3 Nf6 3. Bf4 e6 4. e3 Bb4 5. Bd3 a6 6. a3 Bd6 7. Nf3 b5 8. O-O Bb7 9. Ne5 Nbd7 10. b4 h6 11. Bg3 Nb6 12. f3 O-O 13. e4 Nc4 14. Bxc4 dxc4 15. Qd2 c5 16. bxc5 Bxc5 17. Rfd1 Bb6 18. Kh1 Qe7 19. Bh4 Rfd8 20. Ne2 c3 21. Qxc3 g5 22. Bg3 Rac8 23. Qd3 Nh5 24. c3 Nxg3+ 25. hxg3 Kg7 26. Qe3 f6 27. Nd3 e5 28. Nb4 Rc4 0-1


[Site "https://www.chess.com"]

[Event "Titled Tuesday Blitz August 15 Late 2023"]
[White "Dwilewicz, Katarzyna"]
[Black "Florianovitz, Derlei Alex"]
[WhiteFideId "1148486"]
[BlackFideId "2114178"]
[WhiteElo "2396"]
[BlackElo "2179"]
[Result "1-0"]
[Round "7"]
[TimeControl "180+1"]
[Date "2023.08.15"]
[WhiteClock "0:01:21"]
[BlackClock "0:01:56"]
[Board "120"]

1. e4 e6 2. d4 d5 3. Nd2 c5 4. exd5 Qxd5 5. Ngf3 cxd4 6. Bc4 Qd7 7. O-O Nc6 8. Nb3 a6 9. Nbxd4 Nxd4 10. Nxd4 Qc7 11. Bb3 Bd6 12. h3 Bd7 13. Re1 O-O-O 14. Qe2 Nf6 15. Bg5 h6 16. Bxf6 gxf6 17. c4 Bh2+ 18. Kh1 Be5 19. Nf3 Bxb2 20. Qxb2 Bc6 21. Qxf6 Rhg8 22. Rad1 Bxf3 23. Qxf3 Qa5 24. Kh2 Rxd1 25. Rxd1 Qe5+ 26. g3 f5 27. Qe3 Qf6 28. c5 Rg7 29. Qxe6+ Qxe6 30. Bxe6+ Kc7 31. Bxf5 Kc6 32. Rd6+ Kxc5 33. Rxh6 Rf7 34. g4 b5 35. Rxa6 b4 36. h4 Kd4 37. Kg3 Ke5 38. h5 Kd4 39. h6 Kc3 40. h7 Kb2 41. h8=Q+ Kc1 42. Rc6+ 1-0


[Site "https://www.chess.com"]

[Event "Titled Tuesday Blitz August 15 Late 2023"]
[White "laskakid"]
[Black "sebastianmarinp"]
[WhiteElo "2148"]
[BlackElo "2392"]
[Result "0-1"]
[Round "7"]
[TimeControl "180+1"]
[Date "2023.08.15"]
[WhiteClock "0:00:00"]
[BlackClock "0:00:09"]
[Board "121"]

1. Nf3 Nf6 2. g3 b6 3. b3 Bb7 4. Bg2 g6 5. Bb2 Bg7 6. O-O O-O 7. c4 d6 8. d4 Nfd7 9. Nbd2 c5 10. Qc2 Nc6 11. d5 Nb4 12. Qc1 Nf6 13. a3 Na6 14. e4 Nc7 15. Qc2 a6 16. e5 dxe5 17. Nxe5 Nce8 18. Rfe1 Nd6 19. Re2 Qc7 20. Rae1 Rfe8 21. h4 Nf5 22. Nef3 Ng4 23. Bxg7 Kxg7 24. Bh3 Nxf2 25. Rxf2 Qxg3+ 26. Bg2 Nxh4 27. Nxh4 Qxh4 28. Qc3+ Kg8 29. Ref1 Rf8 30. Nf3 Qg3 31. Qd2 Kg7 32. Ng5 h6 33. Nxf7 g5 34. Qb2+ e5 35. Rf3 Qh4 36. Qxe5+ Kg6 37. Rh3 Qd4+ 38. Qxd4 cxd4 39. Rxh6+ Kg7 40. Re6 Rxf7 41. Rxf7+ Kxf7 42. Re4 Re8 43. Rxd4 Re2 44. Rg4 Kf6 45. Bf1 Rb2 46. Rg3 Bc8 47. Re3 Bf5 48. Be2 Rd2 49. Kf2 Ra2 50. d6 Rd2 51. b4 Rxd6 52. c5 bxc5 53. bxc5 Rc6 54. Rc3 Be4 55. Bf3 Ke5 56. Ke3 Bxf3 57. Kxf3 Kd4 58. Rc1 Rxc5 59. Rd1+ Kc3 0-1


[Site "https://www.chess.com"]

[Event "Titled Tuesday Blitz August 15 Late 2023"]
[White "Ottosen, David"]
[Black "KorolDimitriy75"]
[WhiteFideId "2603080"]
[WhiteElo "2134"]
[BlackElo "2390"]
[Result "0-1"]
[Round "7"]
[TimeControl "180+1"]
[Date "2023.08.15"]
[WhiteClock "0:00:37"]
[BlackClock "0:00:03"]
[Board "122"]

1. e4 c5 2. Nf3 d6 3. d4 cxd4 4. Nxd4 Nf6 5. Nc3 g6 6. Be3 Bg7 7. f3 O-O 8. Bc4 Nc6 9. Qd2 Bd7 10. O-O-O Qa5 11. Kb1 Rfc8 12. Bb3 Ne5 13. Nce2 Qa6 14. h4 b5 15. Bh6 Bh8 16. h5 Nc4 17. Qc1 Qb6 18. hxg6 fxg6 19. Rh2 e5 20. Nf5 gxf5 21. Qg5+ Kf7 22. Ng3 Rg8 23. Qh4 f4 24. Nh5 Be6 25. Nxf6 Bxf6 26. Qh5+ Rg6 27. g3 fxg3 28. Rg2 Rg8 29. Rxg3 a5 30. Bg5 a4 31. Bxc4 bxc4 32. Bxf6 Kxf6 33. Qh4+ Kf7 34. Rxg6 hxg6 35. c3 a3 36. Rd2 Qe3 37. Kc2 d5 38. exd5 Bf5+ 39. Kd1 Qg1+ 40. Ke2 Qg2+ 41. Ke3 Qg1+ 42. Ke2 Bd3+ 43. Rxd3 cxd3+ 44. Kxd3 axb2 45. d6 b1=Q+ 46. Kc4 Qgf1+ 47. Kd5 Qbd3+ 48. Kc6 Qc4+ 49. Kd7 Qxh4 0-1


[Site "https://www.chess.com"]

[Event "Titled Tuesday Blitz August 15 Late 2023"]
[White "petr577"]
[Black "Navyblue1"]
[WhiteElo "2372"]
[BlackElo "2020"]
[Result "1-0"]
[Round "7"]
[TimeControl "180+1"]
[Date "2023.08.15"]
[WhiteClock "0:01:03"]
[BlackClock "0:00:08"]
[Board "123"]

1. e4 c5 2. Nf3 d6 3. d4 cxd4 4. Qxd4 Nc6 5. Bb5 Bd7 6. Bxc6 Bxc6 7. Nc3 e5 8. Qd3 Be7 9. O-O h6 10. b3 Nf6 11. a4 O-O 12. Ba3 Qc7 13. Rad1 Rfd8 14. Rfe1 Rac8 15. h3 a6 16. Rd2 Rd7 17. Nh4 Bf8 18. Nf5 Rcd8 19. Nd5 Bxd5 20. exd5 g6 21. Ng3 Ne8 22. h4 Ng7 23. c4 f5 24. h5 e4 25. Qd4 gxh5 26. Bb2 Rf7 27. Nxh5 Qe7 28. Nf4 Rd7 29. a5 Qh4 30. Ne6 Be7 31. Nxg7 Bf6 32. Nxf5 Bxd4 33. Nxh4 Bxb2 34. Rxb2 Rf4 35. g3 Rg7 36. Kh2 Rfg4 37. Rbe2 Rf7 38. Kg2 Rg5 39. Rxe4 Kg7 40. f4 1-0


[Site "https://www.chess.com"]

[Event "Titled Tuesday Blitz August 15 Late 2023"]
[White "Danishcrown"]
[Black "Romero Ruscalleda, Josep"]
[BlackFideId "2231859"]
[WhiteElo "2065"]
[BlackElo "2420"]
[Result "1-0"]
[Round "7"]
[TimeControl "180+1"]
[Date "2023.08.15"]
[WhiteClock "0:00:35"]
[BlackClock "0:00:51"]
[Board "124"]

1. d4 g6 2. Bf4 Bg7 3. e3 d6 4. Nf3 Nf6 5. Bd3 O-O 6. O-O Nh5 7. Bg3 Nc6 8. Nbd2 e5 9. dxe5 Nxg3 10. hxg3 dxe5 11. e4 Qe7 12. Nc4 Rd8 13. Ne3 Nb4 14. Qe2 Nxd3 15. cxd3 c6 16. a3 Be6 17. b4 a5 18. bxa5 Rxa5 19. Rfb1 b5 20. Nc2 Qd6 21. Nfe1 f5 22. Qe3 fxe4 23. dxe4 Bc4 24. Qb6 Ra4 25. Nb4 c5 26. Qxd6 Rxd6 27. Nbc2 Rd2 28. Ne3 Bf8 29. Nxc4 bxc4 30. Rc1 Kf7 31. Nf3 Kf6 32. Nxd2 Bd6 33. Nxc4 Bc7 34. Rab1 Kg5 35. Kf1 h5 36. Ke2 h4 37. gxh4+ Kxh4 38. Rb5 Bd8 39. Rxc5 Bg5 40. Rc2 Kg4 41. Nxe5+ Kf4 42. Nd3+ Kg4 43. f3+ Kh4 44. g3+ Kh3 45. Rxg5 Kg2 46. Nf4+ Kg1 47. Rc1+ Kh2 48. Rxg6 Rxe4+ 49. Kd3 Rd4+ 50. Ke3 Re4+ 51. Kf2 Re6 52. Rh1+ Kxh1 53. Rxe6 1-0


[Site "https://www.chess.com"]

[Event "Titled Tuesday Blitz August 15 Late 2023"]
[White "Hirneise, Jens"]
[Black "Schut, Han"]
[WhiteFideId "24614734"]
[BlackFideId "1005561"]
[WhiteElo "2464"]
[BlackElo "2236"]
[Result "1-0"]
[Round "7"]
[TimeControl "180+1"]
[Date "2023.08.15"]
[WhiteClock "0:00:02"]
[BlackClock "0:00:00"]
[Board "125"]

1. d4 Nf6 2. Bg5 d5 3. Bxf6 exf6 4. g3 Bd6 5. Bg2 c6 6. e3 O-O 7. Ne2 Re8 8. Nd2 Qb6 9. b3 Bg4 10. h3 Bxe2 11. Qxe2 Nd7 12. c4 dxc4 13. Nxc4 Bb4+ 14. Kf1 Qa6 15. h4 f5 16. h5 g6 17. hxg6 hxg6 18. Rd1 Rad8 19. Bf3 Nf6 20. Ne5 Qxe2+ 21. Kxe2 Bd6 22. Nc4 Kg7 23. Kf1 Bc7 24. Kg2 Rh8 25. Rxh8 Rxh8 26. b4 a6 27. Na5 Bxa5 28. bxa5 Rd8 29. Rb1 Rd7 30. Kf1 Ne8 31. Be2 Nd6 32. Bd3 Kf6 33. a4 Ke6 34. Ke2 Ke7 35. Rh1 Rd8 36. Kd2 Kd7 37. Kc3 Kc7 38. Kb4 Ne8 39. Rh7 Rd7 40. Rh8 Nd6 41. Rh7 Re7 42. Kc3 Rd7 43. f3 Re7 44. Kd2 Kd7 45. Rh4 Kc7 46. g4 fxg4 47. Rxg4 Rd7 48. e4 Nc8 49. Kc3 Ne7 50. Bc4 Nc8 51. Rf4 Nd6 52. Bb3 f5 53. Rh4 fxe4 54. fxe4 Re7 55. e5 Nf5 56. Rg4 Rg7 57. Bc2 Ne7 58. Be4 Kd7 59. Kd3 Ke6 60. Ke3 Kf7 61. Kf4 Ng8 62. Kg5 Nh6 63. Kxh6 1-0


[Site "https://www.chess.com"]

[Event "Titled Tuesday Blitz August 15 Late 2023"]
[White "Bochnicka, Vladimir"]
[Black "Fernandez Bustamante, Leancy B."]
[WhiteFideId "14943450"]
[BlackFideId "3523870"]
[WhiteElo "2450"]
[BlackElo "2231"]
[Result "1-0"]
[Round "7"]
[TimeControl "180+1"]
[Date "2023.08.15"]
[WhiteClock "0:01:08"]
[BlackClock "0:00:00"]
[Board "126"]

1. e4 c5 2. Nf3 a6 3. c4 Nc6 4. Nc3 d6 5. d4 cxd4 6. Nxd4 Nxd4 7. Qxd4 Nf6 8. Be2 g6 9. Be3 Bg7 10. O-O O-O 11. Qd2 Be6 12. b3 Qa5 13. Rac1 Rfc8 14. Rfd1 b5 15. cxb5 axb5 16. Nxb5 Qxd2 17. Rxc8+ Rxc8 18. Rxd2 Nxe4 19. Rd1 Ra8 20. Bf3 d5 21. a4 Be5 22. Bd4 Bxd4 23. Nxd4 Nc5 24. Rc1 Nd3 25. Rc7 Kf8 26. h3 Rb8 27. a5 Nb4 28. Be2 Bc8 29. Bb5 Ba6 30. Bxa6 Nxa6 31. Rc6 Nb4 32. Rb6 Rxb6 33. axb6 Na6 34. Nc6 Ke8 35. b7 Kd7 36. b8=Q Nxb8 37. Nxb8+ Kd6 38. Kf1 Kc5 39. Ke2 e6 40. Kd3 Kb4 41. Kc2 d4 42. Nc6+ Kc5 43. Ne5 f5 44. Kd3 Kd5 45. f4 g5 46. g3 h5 47. Nf3 g4 48. hxg4 fxg4 49. Nxd4 h4 50. gxh4 e5 51. fxe5 1-0


[Site "https://www.chess.com"]

[Event "Titled Tuesday Blitz August 15 Late 2023"]
[White "Jahnz, Fabian"]
[Black "Tqebuchava, Zurab"]
[WhiteFideId "4653300"]
[BlackFideId "13601113"]
[WhiteElo "2338"]
[BlackElo "2171"]
[Result "0-1"]
[Round "7"]
[TimeControl "180+1"]
[Date "2023.08.15"]
[WhiteClock "0:00:02"]
[BlackClock "0:00:25"]
[Board "127"]

1. e4 g6 2. d4 Bg7 3. Nc3 c6 4. Bf4 Qb6 5. Nf3 Qxb2 6. Bd2 Qb6 7. Be3 d6 8. Be2 Nf6 9. O-O O-O 10. Rb1 Qa5 11. Qd3 Qc7 12. a4 a5 13. d5 Bg4 14. h3 Bxf3 15. Bxf3 Nbd7 16. Bf4 cxd5 17. exd5 Rfc8 18. Ne2 Nc5 19. Qb5 Qd7 20. Qxd7 Nfxd7 21. Rfe1 Nxa4 22. Rxb7 Nac5 23. Rb5 a4 24. Nc1 Bf6 25. Na2 a3 26. Bg4 Rcb8 27. Reb1 Bb2 28. Rxb8+ Rxb8 29. Be3 h5 30. Be2 Na4 31. Bc4 Ne5 32. Bb3 Nc3 33. Nxc3 Bxc3 34. Kf1 Rxb3 35. Rxb3 a2 36. Rxc3 a1=Q+ 0-1


[Site "https://www.chess.com"]

[Event "Titled Tuesday Blitz August 15 Late 2023"]
[White "Martinez, Shawn"]
[Black "Verony64"]
[WhiteFideId "2039770"]
[WhiteElo "2308"]
[BlackElo "2147"]
[Result "1-0"]
[Round "7"]
[TimeControl "180+1"]
[Date "2023.08.15"]
[WhiteClock "0:00:39"]
[BlackClock "0:00:06"]
[Board "128"]

1. e4 d6 2. d4 Nd7 3. Nc3 c6 4. Nf3 e5 5. Be3 Be7 6. g3 Ngf6 7. Bg2 O-O 8. O-O Qc7 9. h3 b5 10. Nh4 g6 11. f4 b4 12. Ne2 Bb7 13. f5 exd4 14. Bxd4 c5 15. Bxf6 Bxf6 16. Qd3 Ne5 17. Qe3 Qe7 18. Nf3 Nxf3+ 19. Bxf3 gxf5 20. Rae1 fxe4 21. Bg4 d5 22. Qh6 Bg7 23. Qh5 d4 24. Bf5 h6 25. Rf4 Qg5 26. Qxg5 hxg5 27. Rg4 Rfe8 28. Rxg5 Kf8 29. Nf4 e3 30. b3 Re5 31. Nd3 Re7 32. Rg4 Rae8 33. Rf4 Bh6 34. Rh4 Bg7 35. Rh7 Re5 36. Bg4 Rg5 37. Rh5 Rxh5 38. Bxh5 Bh6 39. Nxc5 Re5 40. Nxb7 Rxh5 41. Kg2 Rf5 42. Re2 Bg7 43. Nd6 Rd5 44. Nc4 Bf6 45. g4 Ke7 46. Kf3 Bg5 47. Ke4 Rd8 48. Ne5 Ke6 49. Nc6 Rc8 50. Nxd4+ Kd7 51. Nf3 Be7 52. Kxe3 Rc3+ 53. Kf2 Bc5+ 54. Kg2 Kd6 55. h4 Kd5 56. h5 f6 57. h6 Bf8 58. h7 Bg7 59. Nh4 Rc8 60. Nf5 Bh8 61. Ne7+ Kd6 62. Nxc8+ 1-0


[Site "https://www.chess.com"]

[Event "Titled Tuesday Blitz August 15 Late 2023"]
[White "Hartikainen, Jarmo"]
[Black "LuxLinster"]
[WhiteFideId "503134"]
[WhiteElo "2115"]
[BlackElo "2258"]
[Result "1/2-1/2"]
[Round "7"]
[TimeControl "180+1"]
[Date "2023.08.15"]
[WhiteClock "0:00:04"]
[BlackClock "0:00:05"]
[Board "129"]

1. e4 e5 2. Nf3 Nc6 3. Bc4 Nf6 4. Ng5 d5 5. exd5 Na5 6. Bb5+ c6 7. dxc6 bxc6 8. Bd3 Ng4 9. Nf3 f5 10. h3 Nxf2 11. Kxf2 Bc5+ 12. Kf1 e4 13. Qe2 O-O 14. Bc4+ Kh8 15. Nh2 Qd4 16. d3 Nxc4 17. dxc4 Ba6 18. Nd2 e3 19. Nhf3 Qf4 20. b3 exd2 21. Bxd2 Qg3 22. Be1 Qc7 23. Bf2 Rae8 24. Qd2 Bxf2 25. Qxf2 c5 26. Re1 Bb7 27. h4 Re4 28. Rh3 Rfe8 29. Rxe4 fxe4 30. Ng5 Kg8 31. Kg1 h6 32. Re3 hxg5 33. hxg5 Rf8 34. Qe2 Qf4 35. a3 Qxg5 36. c3 Qf4 37. b4 cxb4 38. cxb4 Qe5 39. b5 Qa1+ 40. Kh2 Qe5+ 41. Kg1 Rf6 42. a4 Qa1+ 43. Qe1 Qxe1+ 44. Rxe1 Kf7 45. c5 Bd5 46. c6 Ke7 47. Rc1 Kd8 48. Rc5 Rd6 49. Rc3 Kc7 50. a5 g5 51. Kf2 Re6 52. Ke3 Rf6 53. Kd4 Rf5 54. b6+ axb6 55. axb6+ Kxb6 56. c7 Be6 57. c8=Q Bxc8 58. Rxc8 Rf2 59. Kxe4 Rxg2 60. Rg8 Kc6 61. Kf5 Kd5 62. Rxg5 Rxg5+ 63. Kxg5 1/2-1/2


[Site "https://www.chess.com"]

[Event "Titled Tuesday Blitz August 15 Late 2023"]
[White "Herman, Matthew"]
[Black "Vila Dupla, Aurelio"]
[WhiteFideId "2028964"]
[BlackFideId "2203383"]
[WhiteElo "2455"]
[BlackElo "2132"]
[Result "1-0"]
[Round "7"]
[TimeControl "180+1"]
[Date "2023.08.15"]
[WhiteClock "0:01:38"]
[BlackClock "0:00:53"]
[Board "130"]

1. e4 c5 2. Nf3 d6 3. d4 cxd4 4. Nxd4 Nf6 5. Nc3 g6 6. Be3 Bg7 7. f3 O-O 8. Qd2 Nc6 9. Bc4 Bd7 10. h4 Ne5 11. Bb3 h5 12. O-O-O Rc8 13. Kb1 Nc4 14. Bxc4 Rxc4 15. Nb3 Qc7 16. Bh6 Bxh6 17. Qxh6 Rxc3 18. bxc3 Qxc3 19. Qd2 Qc7 20. c3 Rc8 21. Rc1 Be6 22. Nd4 Bc4 23. Ka1 Qa5 24. Rc2 b6 25. Rb1 e5 26. Nb3 Bxb3 27. Rxb3 d5 28. exd5 Nxd5 29. c4 Qc5 30. Rb5 Qg1+ 31. Rc1 1-0


[Site "https://www.chess.com"]

[Event "Titled Tuesday Blitz August 15 Late 2023"]
[White "olackza"]
[Black "Womacka, Mathias"]
[BlackFideId "4611390"]
[WhiteElo "2197"]
[BlackElo "2449"]
[Result "0-1"]
[Round "7"]
[TimeControl "180+1"]
[Date "2023.08.15"]
[WhiteClock "0:00:00"]
[BlackClock "0:00:32"]
[Board "131"]

1. e4 c5 2. Nf3 d6 3. Bb5+ Nd7 4. O-O a6 5. Bxd7+ Bxd7 6. c4 Nf6 7. d4 cxd4 8. Qxd4 g6 9. Nc3 Bg7 10. Bg5 O-O 11. Rac1 b5 12. c5 Ng4 13. Qd5 Be6 14. Qb7 dxc5 15. Bxe7 Qc8 16. Qxc8 Rfxc8 17. Nd5 Bxb2 18. Rxc5 Rxc5 19. Bxc5 Rd8 20. Rd1 Kg7 21. Be7 Rd7 22. Bc5 Nf6 23. Ne3 Rxd1+ 24. Nxd1 Nxe4 25. Nxb2 Nxc5 26. a3 Kf6 27. Nd4 Bd7 28. f4 Ke7 29. g3 Kd6 30. Kf2 Kd5 31. Ke3 a5 32. Nc2 Na6 33. Nd1 Kc4 34. Kd2 Kb3 35. Nc3 Nc5 36. Nd5 Ne4+ 37. Kd3 Nf2+ 38. Kd2 Bf5 0-1


[Site "https://www.chess.com"]

[Event "Titled Tuesday Blitz August 15 Late 2023"]
[White "rionelG"]
[Black "Petersson, Kjell"]
[BlackFideId "1705148"]
[WhiteElo "2347"]
[BlackElo "2178"]
[Result "1-0"]
[Round "7"]
[TimeControl "180+1"]
[Date "2023.08.15"]
[WhiteClock "0:02:17"]
[BlackClock "0:02:04"]
[Board "132"]

1. e4 c5 2. g3 Nc6 3. Bg2 g6 4. Ne2 Bg7 5. c3 d6 6. d4 cxd4 7. cxd4 Nf6 8. Nbc3 O-O 9. h3 Bd7 10. O-O Rb8 11. Be3 b5 12. Rc1 b4 13. Na4 Qa5 14. e5 Qxa4 15. Qxa4 1-0


[Site "https://www.chess.com"]

[Event "Titled Tuesday Blitz August 15 Late 2023"]
[White "Quispe Santacruz, Javier"]
[Black "UgarteCesar"]
[WhiteFideId "3800920"]
[WhiteElo "2148"]
[BlackElo "2314"]
[Result "0-1"]
[Round "7"]
[TimeControl "180+1"]
[Date "2023.08.15"]
[WhiteClock "0:00:00"]
[BlackClock "0:00:45"]
[Board "133"]

1. d4 d5 2. c4 e6 3. Nc3 h6 4. cxd5 exd5 5. Nf3 Nf6 6. Bf4 Bd6 7. Bxd6 Qxd6 8. e3 c6 9. h3 O-O 10. Bd3 Nbd7 11. O-O Re8 12. Rb1 Qe7 13. b4 a6 14. a4 b5 15. axb5 axb5 16. Qc2 Nb6 17. Ne5 Bb7 18. Ne2 Nc4 19. Bxc4 bxc4 20. b5 c5 21. Rfd1 cxd4 22. exd4 Nd7 23. f4 f6 24. Nc6 Qxe2 25. Rd2 Qe3+ 26. Kh1 Qxf4 27. Rbd1 Ra3 28. Rf2 Qe3 29. Rdf1 Nf8 30. Qf5 Bc8 31. Qxd5+ Kh8 32. Qxc4 Bxh3 33. Qf7 Qe6 34. Qh5 Bg4 35. Qh4 f5 36. Ne5 Raa8 37. b6 Qd5 38. Nxg4 fxg4 39. Rf6 Qg5 40. Qxg5 hxg5 41. Rf7 Rab8 42. b7 Kg8 43. Rc7 Red8 44. Re1 Rd7 45. Rc8 Rbxb7 46. Rc5 Re7 0-1


[Site "https://www.chess.com"]

[Event "Titled Tuesday Blitz August 15 Late 2023"]
[White "Ai, Evan"]
[Black "Joubert, Dantelle"]
[WhiteFideId "2094770"]
[BlackFideId "14310813"]
[WhiteElo "2261"]
[BlackElo "2066"]
[Result "1-0"]
[Round "7"]
[TimeControl "180+1"]
[Date "2023.08.15"]
[WhiteClock "0:00:27"]
[BlackClock "0:00:00"]
[Board "134"]

1. e4 c5 2. Nf3 d6 3. d4 cxd4 4. Nxd4 Nf6 5. Nc3 g6 6. f3 Bg7 7. Be3 O-O 8. Qd2 Nc6 9. Bc4 Nxd4 10. Bxd4 Be6 11. Bxe6 fxe6 12. O-O a6 13. Rad1 b5 14. a4 b4 15. Ne2 a5 16. b3 Rc8 17. Be3 e5 18. c4 bxc3 19. Nxc3 Qc7 20. Nb5 Qc2 21. Qxc2 Rxc2 22. Rc1 Rfc8 23. Na7 R8c3 24. Rxc2 Rxc2 25. Rc1 Rb2 26. Nc6 Rxb3 27. Bd2 Ra3 28. Nxe7+ Kf8 29. Nc8 Rxa4 30. Nxd6 Ra2 31. Nc4 Nd7 32. Bxa5 Kf7 33. Bb4 Bh6 34. Rd1 Ke8 35. Nd6+ Ke7 36. Nf5+ Ke8 37. Nxh6 Nf6 38. Ng4 Nxg4 39. fxg4 Re2 40. Bd6 Rxe4 41. Rd5 Rxg4 42. Rxe5+ Kd7 43. Bc5 h5 44. h3 Rc4 45. Rg5 Ke8 46. Be3 Kf7 47. g4 hxg4 48. Rxg4 Rc3 49. Rg3 Rd3 50. Bf4 Rd4 51. Rf3 1-0


[Site "https://www.chess.com"]

[Event "Titled Tuesday Blitz August 15 Late 2023"]
[White "dorpato"]
[Black "Vaglio Munoz, Jaime"]
[BlackFideId "6500145"]
[WhiteElo "2053"]
[BlackElo "2239"]
[Result "0-1"]
[Round "7"]
[TimeControl "180+1"]
[Date "2023.08.15"]
[WhiteClock "0:00:00"]
[BlackClock "0:01:15"]
[Board "135"]

1. e4 c5 2. Nc3 Qa5 3. g3 a6 4. Bg2 b5 5. f4 Bb7 6. d3 e6 7. Nf3 b4 8. Ne2 d5 9. e5 g6 10. Bd2 Qc7 11. O-O h5 12. c3 a5 13. d4 Nh6 14. h3 Nf5 15. Kh2 Ba6 16. Re1 Bxe2 17. Qxe2 h4 18. g4 Ng3 19. Qe3 c4 20. Rec1 Be7 21. cxb4 axb4 22. a3 bxa3 23. b3 c3 24. Rxc3 Qb7 25. b4 Ne4 26. Rb3 Nc6 27. b5 Na5 28. Rbxa3 Bxa3 29. Rxa3 Nc4 30. Rxa8+ Qxa8 31. Qd3 Qa2 32. Ba5 Qf2 33. b6 Qg3+ 34. Kg1 Nxa5 35. Qb5+ Kf8 36. Qxa5 Kg7 37. b7 Qf2+ 38. Kh2 Ng3 39. f5 Nf1+ 40. Kh1 Ne3 41. Ne1 Nxg2 42. f6+ Kh7 43. Nxg2 Qb2 44. Qc7 Qxd4 45. Qd7 Qa1+ 46. Kh2 Qxe5+ 47. Kh1 Qxf6 48. g5 Qa1+ 49. Kh2 Qe5+ 50. Kh1 Rf8 0-1


[Site "https://www.chess.com"]

[Event "Titled Tuesday Blitz August 15 Late 2023"]
[White "Fernandez Hernandez, Gerardo"]
[Black "Bongo Akanga Ndjila, Barthelemy"]
[WhiteFideId "2207400"]
[BlackFideId "10609431"]
[WhiteElo "2234"]
[BlackElo "2040"]
[Result "1-0"]
[Round "7"]
[TimeControl "180+1"]
[Date "2023.08.15"]
[WhiteClock "0:00:11"]
[BlackClock "0:00:00"]
[Board "136"]

1. e4 e6 2. d4 d5 3. Bd3 Nf6 4. e5 Nfd7 5. c3 c5 6. Ne2 Nc6 7. a3 Qb6 8. Bc2 cxd4 9. cxd4 Na5 10. O-O Qd8 11. Kh1 Qh4 12. f4 Nc4 13. b3 Na5 14. Nd2 Nb6 15. Nf3 Qe7 16. Bd2 Nc6 17. f5 h6 18. f6 gxf6 19. exf6 Qc7 20. Bf4 Bd6 21. Qd2 Bd7 22. Rac1 O-O-O 23. Bd3 Bxf4 24. Nxf4 Kb8 25. Rfe1 Qd6 26. b4 Nc4 27. Bxc4 dxc4 28. Rxc4 Rc8 29. Rec1 a6 30. Qe3 Na7 31. Ne5 Rxc4 32. Nxc4 Qf8 33. Ne5 Bb5 34. d5 Nc6 35. dxc6 Bxc6 36. Rxc6 bxc6 37. Nd7+ 1-0


[Site "https://www.chess.com"]

[Event "Titled Tuesday Blitz August 15 Late 2023"]
[White "Vargas, Mauricio"]
[Black "tomobeast"]
[WhiteFideId "4404572"]
[WhiteElo "1882"]
[BlackElo "2228"]
[Result "0-1"]
[Round "7"]
[TimeControl "180+1"]
[Date "2023.08.15"]
[WhiteClock "0:01:12"]
[BlackClock "0:02:34"]
[Board "137"]

1. e4 c5 2. Nc3 e6 3. f4 Nc6 4. Nf3 a6 5. d3 b5 6. g3 Bb7 7. a3 g6 8. Bg2 Bg7 9. O-O Nge7 10. Qe1 O-O 11. h3 d5 12. e5 d4 13. Ne4 Nd5 14. Nd6 Ra7 15. Nxb7 Rxb7 16. Ng5 h6 17. Ne4 Rb6 18. g4 c4 19. g5 h5 20. Nf6+ Bxf6 21. gxf6 Kh7 22. Be4 b4 23. Qh4 Kh6 24. f5+ Kh7 25. Qxh5+ gxh5 26. fxe6+ Kh8 27. e7 Ncxe7 28. fxe7 Qxe7 29. Rf5 Rg6+ 30. Kh1 Qh4 31. Kh2 Ne3 32. Bxe3 dxe3 33. Raf1 Qg3+ 34. Kh1 Qxh3# 0-1


[Site "https://www.chess.com"]

[Event "Titled Tuesday Blitz August 15 Late 2023"]
[White "Burke, Paul"]
[Black "Alexikov, Alexander"]
[WhiteFideId "2605767"]
[BlackFideId "14103958"]
[WhiteElo "1842"]
[BlackElo "2217"]
[Result "0-1"]
[Round "7"]
[TimeControl "180+1"]
[Date "2023.08.15"]
[WhiteClock "0:00:00"]
[BlackClock "0:01:19"]
[Board "138"]

1. e4 c5 2. d4 cxd4 3. c3 Nf6 4. e5 Nd5 5. Nf3 d6 6. cxd4 Nc6 7. exd6 Qxd6 8. Be2 Bg4 9. O-O e6 10. Nc3 Rd8 11. Ne4 Qb8 12. Qa4 Be7 13. h3 Bxf3 14. Bxf3 Nb6 15. Qb5 O-O 16. Be3 Nxd4 17. Bxd4 Rxd4 18. Rfd1 Rfd8 19. Rxd4 Rxd4 20. Qe2 Qd8 21. Ng3 Nd5 22. Qb5 Rb4 23. Qe2 Bf6 0-1


[Site "https://www.chess.com"]

[Event "Titled Tuesday Blitz August 15 Late 2023"]
[White "cthake"]
[Black "Milovic, Aleksandra"]
[BlackFideId "933988"]
[WhiteElo "1822"]
[BlackElo "2090"]
[Result "1-0"]
[Round "7"]
[TimeControl "180+1"]
[Date "2023.08.15"]
[WhiteClock "0:00:22"]
[BlackClock "0:00:06"]
[Board "139"]

1. e4 e6 2. d3 d5 3. Nd2 Nf6 4. g3 c5 5. Bg2 Nc6 6. h4 Be7 7. Nh3 h6 8. O-O O-O 9. Re1 Qc7 10. Nf1 dxe4 11. dxe4 Rd8 12. Bd2 e5 13. c3 Be6 14. Kh2 Bg4 15. f3 Be6 16. Qe2 Nh7 17. Rad1 f5 18. exf5 Bxf5 19. Bc1 Bf6 20. Ne3 Bxh3 21. Bxh3 e4 22. f4 Kh8 23. Bf5 Nf8 24. Rxd8 Rxd8 25. Rd1 Rxd1 26. Qxd1 Bxh4 27. Nd5 Qd6 28. gxh4 Ne7 29. Bxe4 Nxd5 30. Qxd5 Qxf4+ 31. Bxf4 Ne6 32. Qxe6 b5 33. Qe8# 1-0


[Site "https://www.chess.com"]